 Dungeon Crawl Stone Soup version 0.30-a0-879-ga8ba668304 (webtiles) character file.

Game seed: 11389746128901242239

256 bande the Covered (level 6, -3/38 HPs)
             Began as a Gargoyle Fighter on Mar 13, 2023.
             Slain by an ogre
             ... wielding a +0 giant club
              (14 damage)
             ... on level 4 of the Dungeon.
             The game lasted 00:06:25 (3049 turns).

bande the Covered (Gargoyle Fighter)                Turns: 3049, Time: 00:06:25

Health: -3/38      AC: 24    Str: 19    XL:     6   Next: 15%
Magic:  6/6        EV: 14    Int: 17    God:
Gold:   222        SH:  4    Dex: 11    Spells: 5/5 levels left

rFire   . . .      SeeInvis .    a - +0 war axe
rCold   . . .      Faith    .    c - +0 buckler
rNeg    + + .      Spirit   .    n - +3 scale mail
rPois   ∞          Reflect  .    j - +0 helmet
rElec   +          Rampage  .    f - +2 cloak
rCorr   .          NoTele   +    g - +0 pair of gloves
Will    .....                    m - +3 pair of boots of Imperfection {-Tele rPois rN+ Regen+ Int+4} Stlth
                                 (no amulet)
HPRegen 1.06/turn                q - ring "Dileidann" {EV+5 Int+4}
MPRegen 0.10/turn                (no ring)

@: no status effects
A: sickness immunity, AC +4, negative energy resistance 1, electricity
resistance, torment resistance 1, petrification resistance
a: no special abilities


You were on level 4 of the Dungeon.
You visited 1 branch of the dungeon, and saw 4 of its levels.

You collected 222 gold pieces.

Inventory:

Hand Weapons
 a - a +0 war axe (weapon)
Armour
 c - a +0 buckler (worn)
 f - a +2 cloak (worn)
 g - a +0 pair of gloves (worn)
 j - a +0 helmet (worn)
 m - the +3 pair of boots of Imperfection (worn) {-Tele rPois rN+ Regen+ Int+4}
   (You found it on level 3 of the Dungeon)

   Int:       It affects your intelligence (+4).
   rPois:     It protects you from poison.
   rN:        It protects you from negative energy.
   -Tele:     It prevents most forms of teleportation.
   Regen:     It increases your rate of health regeneration.
 n - a +3 scale mail (worn)
 p - a +3 ring mail of fire resistance
Jewellery
 h - an amulet of the acrobat
 q - the ring "Dileidann" (left hand) {EV+5 Int+4}
   (You found it on level 4 of the Dungeon)

   [ring of evasion]

   EV:        It affects your evasion (+5).
   Int:       It affects your intelligence (+4).
Scrolls
 e - 2 scrolls of identify
 k - 2 scrolls of magic mapping
 r - a scroll of teleportation
Potions
 b - 2 potions of brilliance
 d - 4 potions of might
 i - 7 potions of curing
 l - a potion of haste
 o - a potion of mutation


   Skills:
 + Level 4.1 Fighting
 + Level 4.2 Axes
 + Level 4.4 Armour
 - Level 0.4 Dodging
 + Level 3.8 Shields


You had 5 spell levels left.
You didn't know any spells.
Your spell library contained the following spells:

 Spells                   Type           Power      Damage    Failure   Level
 Static Discharge         Conj/Air       0%         2-2/arc   80%         2
 Vhi's Electric Charge    Tloc/Air       0%         N/A       95%         3
 Arcjolt                  Conj/Air       0%         1d10      100%        5
 Lightning Bolt           Conj/Air       0%         1d11      100%        5


Dungeon Overview and Level Annotations

Branches:
Dungeon (4/15)
 Temple: D:4-7

Altars:
Fedhas
Uskayaw
Yredelemnul


Innate Abilities, Weirdness & Mutations

You are immune to sickness and miasma.
Your stone body is resilient. (AC +4)
You are immune to poison.
You resist negative energy. (rN+)
You are resistant to electric shocks. (rElec)
You are resistant to unholy torment.
You are immune to petrification.


Message History

Found a stone staircase leading down.
i - 7 potions of curing (gained 1)
There is a stone staircase leading down here.
An ogre comes into view. It is wielding a +0 giant club.
The ogre shouts!
An ogre is nearby!
The ogre barely misses you.
You hit the ogre but do no damage. The ogre completely misses you.
You hit the ogre.
The ogre is lightly wounded.
The ogre hits you with a +0 giant club!
You barely miss the ogre.
The ogre is lightly wounded.
You completely miss the ogre.
The ogre is lightly wounded.
The ogre hits you with a +0 giant club!!
Ouch! That really hurt!
* * * LOW HITPOINT WARNING * * *
You are too injured to fight recklessly!
You are too injured to fight recklessly!
You are too injured to fight recklessly!
You are too injured to fight recklessly!
You are too injured to fight recklessly!
You are too injured to fight recklessly!
You are too injured to fight recklessly!
You slash the ogre!
The ogre is moderately wounded.
The ogre closely misses you.
You barely miss the ogre.
The ogre is moderately wounded.
The ogre hits you with a +0 giant club.
* * * LOW HITPOINT WARNING * * *
You slash the ogre!
The ogre is heavily wounded.
The ogre hits you with a +0 giant club.
* * * LOW HITPOINT WARNING * * *
You barely miss the ogre.
The ogre is heavily wounded.
The ogre hits you with a +0 giant club!
You die...

# ########### ##
#8.8.8...8#####
.#
#.........##>.#
.#
#.........##.##
.#######
###.........#..#
........
......O@...8..##
........
..............##
########
#..8...........#
#
##.............##
##....8.8.8....#
###...####....##
# ###..........#
### ##########.##
..### #.)#


You could see an ogre.

Vanquished Creatures
  A scorpion (D:3)
  Ijyb (D:4)
  An iguana (D:4)
  5 adders
  A shadow imp (D:4)
  3 worms
  4 dart slugs
  4 orcs
  7 endoplasms
  5 giant cockroaches
  9 goblins
  5 hobgoblins
  3 quokkas
  7 ball pythons
  6 bats
  4 frilled lizards
  8 kobolds
  4 rats
78 creatures vanquished.

Notes
Turn   | Place    | Note
-------+----------+-------------------------------------------
     0 | D:1      | bande the Gargoyle Fighter began the quest for the Orb.
     0 | D:1      | Reached XP level 1. HP: 14/14 MP: 1/1
   486 | D:1      | Reached XP level 2. HP: 19/19 MP: 2/2
   751 | D:1      | Reached XP level 3. HP: 23/24 MP: 3/3
  1369 | D:2      | Found a basalt altar of Yredelemnul.
  1426 | D:2      | Reached XP level 4. HP: 21/29 MP: 4/4
  1896 | D:3      | Noticed a scorpion
  1905 | D:3      | Killed a scorpion
  1906 | D:3      | Reached XP level 5. HP: 32/33 MP: 5/5
  2036 | D:3      | Identified the +3 pair of boots of Imperfection {-Tele
                  | rPois rN+ Regen+ Int+4}
  2494 | D:3      | Found a hide-covered altar of Uskayaw.
  2703 | D:4      | Noticed Ijyb
  2729 | D:4      | Killed Ijyb
  2791 | D:4      | Reached XP level 6. HP: 38/38 MP: 6/6
  2806 | D:4      | Identified the ring "Dileidann" {EV+5 Int+4}
  2862 | D:4      | Found a blossoming altar of Fedhas.
  3049 | D:4      | Slain by an ogre

Illustrated notes

Levels and vault maps discovered:
D:1:      dpeg_arrival_arbitrary_b, layout_loops_ring, minmay_shallow_snake_nest
D:2:      minmay_diamond_boxcup, layout_rooms, basic_altar, chequers_jeans
D:3:      layout_basic, mainiacjoe_overflow_alcove_2
D:4:      layout_cave_pods, kennysheep_mini_moat, serial_column_ruins,
          column_ruins_square_large, column_ruins_columns_T,
          column_ruins_grid_1, column_ruins_grid_1, minmay_misc_feat_doors,
          minmay_ruined_shrine, uniq_ijyb

Skill      XL: |  1  2  3  4  5 |
---------------+----------------+-----
Axes           | 2 3 4 |  4.2
Armour         | 4 |  4.4
Fighting       | 4 |  4.1
Dodging        | |  0.4
Shields        | |  3.8

Action                     |  1- 3 |  4- 6 || total
---------------------------+-------+-------++-------
  Melee: War axe           |    87 |   130 ||   217
    Use: Scroll            |     6 |     7 ||    13
 Armour: Scale mail        |    25 |       ||    25
         Chain mail        |    36 |    97 ||   133
  Dodge: Dodged            |    43 |    53 ||    96
  Block: Buckler           |    24 |    26 ||    50

Table legend: (Time is in decaauts)
 A = Elapsed time spent in this place.
 B = Non-inter-level travel time spent in this place.
 C = Inter-level travel time spent in this place.
 D = Time resting spent in this place.
 E = Time spent auto-exploring this place.
 F = Levels seen in this place.
 G = Mean time per level.
                   A        B        C        D        E       F      G
               +--------+--------+--------+--------+--------+-----+--------+
         Total |   3133 |   3032 |    101 |    519 |   1878 |   4 |  783.2 |
       Dungeon |   3133 |   3032 |    101 |    519 |   1878 |   4 |  783.2 |
               +--------+--------+--------+--------+--------+-----+--------+

Top non-repeatable levels by time:
     D:1: 993 daAuts
     D:2: 884 daAuts
     D:3: 824 daAuts
     D:4: 431 daAuts
